 Dungeon Crawl Stone Soup version 0.30-a0-29-g142975f185 (webtiles) character file.

Game seed: 3960279240875928071

3097 kae the Firebug (level 9, -2/105 (108) HPs)
             Began as a Demigod Fire Elementalist on Aug 25, 2022.
             Slain by a water moccasin (7 damage)
             ... on level 8 of the Dungeon.
             The game lasted 00:06:25 (9198 turns).

kae the Firebug (Demigod Fire Elementalist)         Turns: 9198, Time: 00:06:26

HP:   -2/105 (108)  AC:  4    Str:  9    XL:     9   Next: 33%
MP:   6/19          EV: 11    Int: 29    God:
Gold: 190           SH:  0    Dex: 14    Spells: 1/17 levels left

rFire   . . .      SeeInvis +    h - +0 short sword
rCold   . . .      Faith    .    (no shield)
rNeg    . . .      Spirit   .    a - +0 robe
rPois   .          Reflect  .    (no helmet)
rElec   .          Harm     .    (no cloak)
rCorr   .          Rampage  .    t - +1 pair of gloves
Will    +....                    (no boots)
Stlth   ..........               (no amulet)
HPRegen 0.27/turn                v - ring of see invisible
MPRegen 0.16/turn                o - ring of willpower

@: berserking, lethally poisoned (-2 -> -14), constricted, lightly drained, very
quick
A: high MP 1, forlorn, divine attributes
a: no special abilities


You were on level 8 of the Dungeon.
You visited 1 branch of the dungeon, and saw 8 of its levels.

You collected 541 gold pieces.
You spent 351 gold pieces at shops.


Innate Abilities, Weirdness & Mutations

You have an increased reservoir of magic. (+10% MP)
You shall have no god before yourself.
Your divine heritage dramatically boosts your attributes as you level up.


   Skills:
 + Level 4.3 Fighting
 + Level 4.8 Dodging
 - Level 1.7 Stealth
 + Level 4.5 Spellcasting
 * Level 6.5 Conjurations
 * Level 7.2 Fire Magic
 + Level 1.0 Air Magic


You had one spell level left.
You knew the following spells:

 Your Spells              Type           Power      Damage    Failure   Level
a - Foxfire               Conj/Fire      100%       2x1d9     1%          1
b - Scorch                Fire           96%        2d10      1%          2
c - Conjure Flame         Conj/Fire      46%        6-21      1%          3
d - Inner Flame           Hex/Fire       27%        N/A       4%          3
e - Flame Wave            Conj/Fire      46%        2d12      3%          4
f - Swiftness             Air            12%        N/A       13%         3

Your spell library contained the following spells:

 Spells                   Type           Power      Damage    Failure   Level
 Shock                    Conj/Air       100%       1d9       1%          1
 Beastly Appendage        Tmut           12%        N/A       7%          1
 Dazzling Flash           Conj/Hex       50%        N/A       5%          3
 Sublimation of Blood     Necr           6%         N/A       10%         2
 Wereblood                Tmut           6%         N/A       10%         2
 Gell's Gravitas          Tloc           6%         N/A       21%         3
 Lesser Beckoning         Tloc           6%         N/A       21%         3
 Spider Form              Tmut/Pois      6%         N/A       21%         3
 Summon Guardian Golem    Hex/Summ       6%         N/A       21%         3
 Teleport Other           Tloc           6%         N/A       21%         3
 Airstrike                Air            6%         2d(1-17)  41%         4
 Summon Lightning Spire   Summ/Air       9%         N/A       47%         4
 Anguish                  Hex/Necr       3%         N/A       54%         4
 Storm Form               Tmut/Air       4%         N/A       100%        7
 Summon Hydra             Summ           3%         N/A       100%        7
 Maxwell's Capacitive Co  Air            6%         ∞         100%        8

Inventory:

Hand Weapons
 h - a +0 short sword (weapon)
   (You took it off a kobold on level 1 of the Dungeon)
Missiles
 c - 47 stones
 f - 20 poisoned darts
Armour
 a - a +0 robe (worn)
 t - a +1 pair of gloves (worn)
   (You found it on level 3 of the Dungeon)
Magical Staves
 A - a staff of fire {!a}
   (You found it on level 7 of the Dungeon)
Jewellery
 o - a ring of willpower (right hand)
   (You found it on level 3 of the Dungeon)
 v - a ring of see invisible (left hand)
   (You found it on level 1 of the Dungeon)
 S - a +6 ring of strength
   (You found it on level 3 of the Dungeon)
Wands
 s - a wand of polymorph (10)
   (You found it on level 5 of the Dungeon)
 C - a wand of digging (2)
   (You found it on level 8 of the Dungeon)
Scrolls
 j - 2 scrolls of poison {!r}
 l - 3 scrolls of fear
 p - 3 scrolls of teleportation {@r4}
 q - a scroll of blinking {!r}
 r - a scroll of brand weapon
 x - 2 scrolls of vulnerability {!r!r}
 y - 3 scrolls of enchant armour
Potions
 b - a potion of magic
 d - a potion of lignification {unknown}
 e - a potion of flight {unknown}
 g - 3 potions of ambrosia {unknown}
 i - 3 potions of attraction {unknown}
 k - 10 potions of curing {@q1}
 m - a potion of heal wounds {@q2}
 n - a potion of haste {unknown}
 u - 3 potions of mutation {!q}
 z - a potion of invisibility {unknown}
 B - a potion of brilliance {unknown}

Dungeon Overview and Level Annotations

Branches:
Dungeon (8/15) Zot: 26155  Temple (0/1) D:6
   Lair: D:8-11

Shops:
D:6 !

Annotations:
D:3 2 transporters, PeterMcNeter's ghost, weakling DsFi

........# #.......#
#.......# .......
#.......# .......
#.....). .......
'##.....)# .......
.......))# #.......
..SS†.S@.# ##.......
......S..###.......#
.........g..>......#
.......#...........#####
........................
..............#.........
............##.#.........
............##.##........
#.............##........


You could see a water moccasin, a gnoll, 2 adders and a ball python.


Message History

You now have 70 max hp (+2).
You lost 2 mp, and now have 8/19 mp.
Casting: Scorch (safe; 1% risk of failure)
Confirm with . or Enter, or press ? or * to list all spells.
Flames lash the ball python.
You kill the ball python! 😨 MP[-2]
You lost 2 mp, and now have 6/19 mp.
Okay, then.
Aiming: Polymorph
Press: ? - help, Shift-Dir - straight line, f - water moccasin
Aim: a water moccasin (will become a jelly, a fire bat, or an adder, chance to affect: 49%)
Okay, then.
Okay, then.
Okay, then.
Okay, then.
Okay, then.
Casting: Scorch (safe; 1% risk of failure)
Confirm with . or Enter, or press ? or * to list all spells.
Flames lash the water moccasin.
The water moccasin's fire resistance burns away.
A gnoll comes into view.
It is wielding a +0 spear. 😨 HP[+1] MP[-1]
You lost 1 mp, and now have 5/19 mp.
Okay, then.
You feel much better. The water moccasin bites you.
The water moccasin bites you!
* * * LOW HITPOINT WARNING * * *
You are poisoned.
The water moccasin poisons you! 😨 HP[+8]
You regained 8 hp, and now have 31/70 hp.
Really quaff
w - a potion of berserk rage {!q}?
A red film seems to cover your vision as you go berserk!
You feel yourself moving faster!
You feel mighty!
You feel very sick.
The water moccasin bites you but does no damage.
The gnoll barely misses you. 😨 HP[+12]
You now have 105 max hp (+35).
You regained 12 hp, and now have 43/105 hp.
You barely miss the water moccasin.
You feel very sick. The water moccasin barely misses you.
The ball python closely misses you. The ball python grabs you.
The ball python constricts you.
The gnoll hits you from afar with a +0 spear.
* * * LOW HITPOINT WARNING * * *
😨 HP[-4]
You take 4 damage, and now have 39/105 hp.
You puncture the water moccasin!
You feel sick.
The water moccasin is no longer more vulnerable to fire.
The water moccasin misses you. The ball python barely misses you.
The ball python constricts you.
An adder comes into view.
The gnoll hits you from afar with a +0 spear.
* * * LOW HITPOINT WARNING * * *
😨 HP[-6]
You take 6 damage, and now have 33/105 hp.
You closely miss the water moccasin.
You feel sick. The water moccasin bites you.
* * * LOW HITPOINT WARNING * * *
The ball python misses you.
The ball python constricts you. 😨 HP[-4]
You take 4 damage, and now have 29/105 hp.
You miss the water moccasin.
You feel sick. The water moccasin bites you.
* * * LOW HITPOINT WARNING * * *
You are more poisoned.
The water moccasin poisons you!
An adder comes into view.
The gnoll closely misses you.
The ball python bites you but does no damage.
The ball python constricts you. 😱 HP[-6] MP[+1]
You take 6 damage, and now have 23/105 hp.
You closely miss the water moccasin.
* * * LOW HITPOINT WARNING * * *
You feel very sick.
The adder hisses angrily.
The water moccasin barely misses you. The ball python barely misses you.
The ball python constricts you.
The gnoll hits you from afar with a +0 spear.
* * * LOW HITPOINT WARNING * * *
😱 HP[-6]
You take 6 damage, and now have 17/105 hp.
You hit the water moccasin.
* * * LOW HITPOINT WARNING * * *
You feel very sick. The water moccasin bites you.
* * * LOW HITPOINT WARNING * * *
The ball python bites you.
* * * LOW HITPOINT WARNING * * *
The ball python constricts you. 😱 HP[-9]
You take 9 damage, and now have 8/105 hp.
Unknown command.
You puncture the water moccasin!
* * * LOW HITPOINT WARNING * * *
You feel very sick. The water moccasin bites you!
You die...

Skill      XL: |  1  2  3  4  5  6  7  8  9 |
---------------+----------------------------+-----
Conjurations   | 1 2 3 4 5 6 |  6.5
Fire Magic     | 3 4 5 6 7 |  7.2
Spellcasting   | 2 3 4 |  4.5
Dodging        | 2 3 4 |  4.8
Fighting       | 1 2 3 4 |  4.3
Air Magic      | 1 |  1.0
Stealth        | |  1.7

Action                   |  1- 3 |  4- 6 |  7- 9 || total
-------------------------+-------+-------+-------++-------
Melee: Short sword       |       |       |     7 ||     7
 Cast: Foxfire           |    79 |    66 |   100 ||   245
       Scorch            |     4 |    35 |    55 ||    94
       Conjure Flame     |     1 |       |     1 ||     2
       Inner Flame       |       |       |     2 ||     2
       Flame Wave        |       |       |     3 ||     3
  Use: Scroll            |     1 |     7 |     1 ||     9
       Potion            |       |       |     2 ||     2
Armor: Robe              |     5 |    15 |    24 ||    44
Dodge: Dodged            |    17 |    54 |    80 ||   151

Levels and vault maps discovered:
D:1:      scummos_arrival_hexagon, layout_rooms
D:2:      layout_loops_ring
D:3:      layout_basic, ebering_ecumenical_altar_webs,
          gammafunk_ghost_mausoleum, columned_hall_lemuel,
          minmay_misc_feat_secret_circle, uniq_natasha
D:4:      layout_basic, serial_aquarium, aquarium_bridge_square
          [aquarium_subvault_bridge, aquarium_subvault_wall,
          aquarium_subvault_wall, aquarium_subvault_window],
          aquarium_window_corner, aquarium_window_corner, aquarium_view_2e,
          aquarium_view_2c, aquarium_balcony_3b, minmay_lizard_king
D:5:      layout_loops_cross
D:6:      layout_basic, minmay_temple_entry_junction, serial_shops,
          nicolae_shop_statue_plus, minmay_gold_behind_fungi
D:7:      layout_basic, minitemple
D:8:      layout_basic, lemuel_tele_altar, guppyfry_shop_venom, uniq_joseph

Notes
Turn   | Place    | Note
-------+----------+-------------------------------------------
     0 | D:1      | kae the Demigod Fire Elementalist began the quest for the
                  | Orb.
     0 | D:1      | Reached XP level 1. HP: 14/14 MP: 5/5
     0 | D:1      | magus.rc [v1.11.3]
    42 | D:1      | You pick up a book of Air and begin reading...
    42 | D:1      | You add the spells Shock, Swiftness and Airstrike to your
                  | library.
    63 | D:1      | Reached skill level 1 in Conjurations
   203 | D:1      | Reached XP level 2. HP: 18/20 MP: 1/7
   204 | D:1      | Reached skill level 3 in Fire Magic
   261 | D:1      | You add the spells Dazzling Flash, Summon Guardian Golem
                  | and Anguish to your library.
   261 | D:1      | Got Paceolik's Codex of Enchantment
   317 | D:1      | You pick up a book of the Sky and begin reading...
   317 | D:1      | You add the spells Summon Lightning Spire, Storm Form and
                  | Maxwell's Capacitive Coupling to your library.
   481 | D:1      | Reached skill level 2 in Spellcasting
   582 | D:1      | Reached skill level 2 in Dodging
   644 | D:1      | You pick up a book of Displacement and begin reading...
   644 | D:1      | You add the spells Lesser Beckoning, Gell's Gravitas and
                  | Teleport Other to your library.
   695 | D:1      | Reached XP level 3. HP: 27/27 MP: 4/8
   764 | D:1      | You pick up a book of Changes and begin reading...
   764 | D:1      | You add the spells Beastly Appendage, Wereblood and Spider
                  | Form to your library.
  1245 | D:2      | Reached skill level 2 in Conjurations
  1370 | D:2      | Learned a level 2 spell: Scorch
  1455 | D:2      | Learned a level 3 spell: Conjure Flame
  1880 | D:3      | Noticed an ogre
  1885 | D:3      | Killed an ogre
  1886 | D:3      | Reached skill level 1 in Fighting
  1886 | D:3      | Reached XP level 4. HP: 35/35 MP: 0/10
  1968 | D:3      | Reached XP level 5. HP: 40/40 MP: 6/11
  1974 | D:3      | Noticed Natasha
  1978 | D:3      | Killed Natasha
  2023 | D:3      | Noticed Natasha
  2028 | D:3      | Killed Natasha
  2176 | D:3      | Found a transporter.
  2179 | D:3      | Noticed PeterMcNeter's ghost (weakling DsFi)
  2605 | D:3      | Noticed Natasha
  2626 | D:3      | Killed Natasha
  2627 | D:3      | Reached skill level 3 in Conjurations
  2627 | D:3      | Reached skill level 4 in Fire Magic
  2892 | D:3      | Found a transporter.
  2979 | D:4      | Noticed a black bear
  2986 | D:3      | Killed a black bear
  2987 | D:3      | Reached XP level 6. HP: 41/48 MP: 7/13
  3038 | D:3      | Learned a level 3 spell: Inner Flame
  3372 | D:4      | Reached skill level 2 in Fighting
  3595 | D:4      | Reached skill level 3 in Dodging
  4275 | D:5      | Entered Level 5 of the Dungeon
  4321 | D:5      | Reached skill level 3 in Spellcasting
  4419 | D:5      | Reached XP level 7. HP: 55/55 MP: 12/14
  4459 | D:5      | Reached skill level 4 in Conjurations
  4467 | D:5      | Reached skill level 5 in Fire Magic
  5270 | D:6      | You pick up a book of Blood and begin reading...
  5270 | D:6      | You add the spells Sublimation of Blood and Summon Hydra to
                  | your library.
  5862 | D:6      | Found Gumnunni's Distillery.
  5868 | D:6      | Noticed a steam dragon
  5873 | D:6      | Killed a steam dragon
  5874 | D:6      | Reached skill level 3 in Fighting
  5874 | D:6      | Reached XP level 8. HP: 63/63 MP: 9/16
  5896 | D:6      | Bought a potion of curing for 39 gold pieces
  5896 | D:6      | Bought 2 potions of heal wounds for 130 gold pieces
  5896 | D:6      | Bought a potion of mutation for 104 gold pieces
  5896 | D:6      | Bought a potion of berserk rage for 65 gold pieces
  5896 | D:6      | Bought a potion of degeneration for 13 gold pieces
  6046 | D:6      | Reached skill level 5 in Conjurations
  6313 | D:6      | Reached skill level 4 in Dodging
  6426 | D:6      | Found a staircase to the Ecumenical Temple.
  6477 | D:6      | Reached skill level 6 in Fire Magic
  6927 | D:7      | Reached skill level 4 in Spellcasting
  7381 | D:7      | HP: 15/64 [wight/+0 great sword (4)]
  7860 | D:7      | Reached XP level 9. HP: 71/71 MP: 15/18
  8040 | D:7      | Reached skill level 4 in Fighting
  8040 | D:7      | Reached skill level 6 in Conjurations
  8367 | D:8      | Learned a level 4 spell: Flame Wave
  8602 | D:7      | Learned a level 3 spell: Swiftness
  8755 | D:8      | Reached skill level 7 in Fire Magic
  9185 | D:8      | Reached skill level 1 in Air Magic
  9195 | D:8      | HP: 23/105 [water moccasin (4)]
  9197 | D:8      | HP: 10/105 [water moccasin (3)]
  9198 | D:8      | Slain by a water moccasin

Vanquished Creatures
  2 steam dragons
  3 water moccasins
  4 ice beasts
  2 black bears
  An ogre (D:3)
  2 centaurs
  2 phantoms
  A kobold brigand (D:7)
  A gnoll sergeant (D:8)
  3 scorpions
  9 wights
  A howler monkey (D:7)
  5 hounds
  A gnoll bouda (D:6)
  2 jellies
  An orc priest (D:5)
  5 iguanas
  Natasha (thrice) (D:3)
  An orc wizard (D:5)
  4 adders
  11 gnolls
  3 shadow imps
  2 white imps
  2 worms
  3 dart slugs
  8 orcs
  9 bats
  11 endoplasms
  3 giant cockroaches
  2 goblins
  8 hobgoblins
  2 jackals (D:1)
  8 kobolds
  3 quokkas
  10 ball pythons
  13 frilled lizards
  3 rats
154 creatures vanquished.

Vanquished Creatures (collateral kills)
  2 foxfires (D:6)
2 creatures vanquished.

Vanquished Creatures (others)
  422 foxfires
  19 fungi
  5 plants (D:4)
  4 toadstools (D:6)
450 creatures vanquished.

Grand Total: 606 creatures vanquished

Table legend:
 A = Non-vault XP
 B = Vault XP
 C = Vault XP percentage of total XP
 D = Non-vault monster count
 E = Vault monster count
 F = Vault count percentage of total count
                 A         B        C        D         E       F
            +---------+---------+-------+---------+---------+-------
      Total |    4343 |      82 |   1.9 |     143 |      11 |   7.1
            +---------+---------+-------+---------+---------+-------
        D:1 |      49 |       0 |   0.0 |      26 |       0 |   0.0
        D:2 |      52 |       0 |   0.0 |      13 |       0 |   0.0
        D:3 |     395 |      80 |  16.8 |      27 |       9 |  25.0
        D:4 |     239 |       1 |   0.4 |      12 |       1 |   7.7
        D:5 |     487 |       0 |   0.0 |      13 |       0 |   0.0
        D:6 |    1026 |       0 |   0.0 |      17 |       0 |   0.0
        D:7 |    1147 |       0 |   0.0 |      20 |       0 |   0.0
        D:8 |     948 |       1 |   0.1 |      15 |       1 |   6.2
            +---------+---------+-------+---------+---------+-------

Illustrated notes

Table legend:
 A = Kills in this place as a percentage of kills in entire the game.
 B = Kills by you in this place as a percentage of kills by you in the entire game.
 C = Kills by friends in this place as a percentage of kills by friends in the entire game.
 D = Other kills in this place as a percentage of other kills in the entire game.
 E = Experience gained in this place as a percentage of experience gained in the entire game.
 F = Experience gained in this place divided by the number of levels of this place that you have seen.
                   A       B       C       D       E      F
               +-------+-------+-------+-------+-------+----------------------
         Total | 100.0 | 100.0 |   N/A |   N/A | 100.0 | 553.1
       Dungeon | 100.0 | 100.0 |   N/A |   N/A | 100.0 | 553.1
               +-------+-------+-------+-------+-------+----------------------

Table legend: (Time is in decaauts)
 A = Elapsed time spent in this place.
 B = Non-inter-level travel time spent in this place.
 C = Inter-level travel time spent in this place.
 D = Time resting spent in this place.
 E = Time spent auto-exploring this place.
 F = Levels seen in this place.
 G = Mean time per level.
                   A        B        C        D        E       F      G
               +--------+--------+--------+--------+--------+-----+--------+
         Total |   9200 |   9010 |    190 |    377 |   7561 |   8 | 1150.0 |
       Dungeon |   9200 |   9010 |    190 |    377 |   7561 |   8 | 1150.0 |
               +--------+--------+--------+--------+--------+-----+--------+

Top non-repeatable levels by time:
     D:7: 2056 daAuts
     D:6: 1584 daAuts
     D:3: 1454 daAuts
     D:4: 1033 daAuts
     D:2: 976 daAuts
     D:5: 935 daAuts
     D:1: 827 daAuts
     D:8: 331 daAuts
